 Dungeon Crawl Stone Soup version 0.30-a0-458-g86641cc369 (webtiles) character file.

Game seed: 12505140206613748158

198 HashaRae the Cutter (level 6, -6/38 HPs)
             Began as a Kobold Berserker on Dec 15, 2022.
             Was a Believer of Trog.
             Mangled by an ogre
             ... wielding a +0 giant club
              (26 damage)
             ... on level 4 of the Dungeon.
             The game lasted 00:11:41 (3359 turns).

HashaRae the Cutter (Kobold Berserker)              Turns: 3359, Time: 00:11:42

Health: -6/38      AC: 11    Str: 16    XL:     6   Next: 5%
Magic:  6/6        EV:  7    Int:  9    God:    Trog [**....]
Gold:   173        SH:  0    Dex: 14    Spells: 5/5 levels left

rFire   . . .      SeeInvis +    m - +2 trident (vamp)
rCold   . . .      Faith    .    (shield currently unavailable)
rNeg    . . .      Spirit   .    j - +0 plate armour
rPois   .          Reflect  .    (no helmet)
rElec   .          Harm     .    (no cloak)
rCorr   .          Rampage  .    (no gloves)
Will    .....                    (no boots)
Stlth   ..........               (no amulet)
HPRegen 0.26/turn                (no ring)
MPRegen 0.10/turn                (no ring)

@: no status effects
A: small, no large weapons, nightstalker 3, see invisible
a: Renounce Religion, Berserk, Trog's Hand


You were on level 4 of the Dungeon.
You worshipped Trog.
Trog was pleased with you.
You visited 1 branch of the dungeon, and saw 4 of its levels.

You collected 173 gold pieces.

Inventory:

Hand Weapons
 a - a +0 short sword
 m - a +2 vampiric trident (weapon)
Armour
 b - a +0 animal skin
 c - a +0 leather armour
 d - a +1 ring mail
 j - a +0 plate armour (worn)
 p - a +0 chain mail
Scrolls
 f - 2 scrolls of identify
 h - a scroll of vulnerability {unknown}
 i - a scroll of fog {unknown}
Potions
 e - 5 potions of curing
 g - 2 potions of ambrosia
 l - a potion of haste


   Skills:
 + Level 4.0 Fighting
 + Level 5.2 Short Blades
 + Level 1.4 Polearms
 + Level 2.6 Armour
 + Level 3.1 Dodging
 + Level 2.5 Stealth


You had 5 spell levels left.
You didn't know any spells.
Your spell library contained the following spells:

 Spells                   Type           Power      Damage    Failure   Level
 Fireball                 Conj/Fire      0%         3d3       100%        5
 Iskenderun's Battlesphe  Conj           0%         2d6       100%        5
 Conjure Ball Lightning   Conj/Air       0%         3x3d6     100%        6
 Orb of Destruction       Conj           0%         9d5       100%        7


Dungeon Overview and Level Annotations

Branches:
Dungeon (4/15)
 Temple: D:4-7

Altars:
Fedhas
Xom

Shops:
D:3 *


Innate Abilities, Weirdness & Mutations

You are small and have problems with some larger weapons.
You are completely attuned to the shadows.
You have supernaturally acute eyesight. (SInv)


Message History

The adder is moderately wounded.
The adder barely misses you. The adder bites you but does no damage.
You barely miss the adder.
The adder is moderately wounded.
The adder barely misses you. x2
You closely miss the adder.
The adder is moderately wounded.
The adder bites you but does no damage.
You hit the adder.
The adder is severely wounded.
The adder bites you but does no damage. The adder closely misses you.
You puncture the adder!
You kill the adder!
Trog accepts your kill.
You hit the orc priest.
The orc priest is heavily wounded.
The orc priest hits you but does no damage.
The orc priest barely misses you.
You puncture the orc priest!
You kill the orc priest!
Trog accepts your kill.
Your Fighting skill increases to level 4!
You have reached level 6!
An ogre comes into view. It is wielding a +0 giant club.
The ogre shouts!
You hear a shout! x3
Items here: ( )) †††.
Okay, then.
An ogre is nearby! 2 orcs come into view.
Found a ring mail.
Found a stone staircase leading up.
The orc shouts!
You hit the ogre but do no damage.
The ogre hits you with a +0 giant club!!
An orc wizard comes into view. It is wielding a +0 dagger.
An orc comes into view. It is wielding a +0 trident.
You hit the ogre but do no damage.
The orc wizard reads a scroll.
Wisps of shadow swirl around the orc wizard.
The ogre hits you with a +0 giant club!!
Ouch! That really hurt!
You die...

##.)### #.
####))#######.
..............
####.#########
.... #....#
.gg. ##.####
.o.o ##..#
oJ.o##..##
#O@).## #.####
#.< #.# .[


You could see an ogre, an orc wizard, 3 orcs, an endoplasm (summoned) and 2
goblins.

Vanquished Creatures
  A necrophage (D:4)
  An orc priest (D:4)
  An orc wizard (D:4)
  3 adders (D:4)
  A dart slug (D:2)
  5 orcs
  4 endoplasms
  4 giant cockroaches
  2 goblins
  9 hobgoblins
  3 kobolds
  A quokka (D:2)
  5 ball pythons
  4 bats
  6 frilled lizards
  3 rats (D:1)
53 creatures vanquished.

Vanquished Creatures (others)
  4 plants (D:1)
4 creatures vanquished.

Grand Total: 57 creatures vanquished

Notes
Turn   | Place    | Note
-------+----------+-------------------------------------------
     0 | D:1      | HashaRae the Kobold Berserker began the quest for the Orb.
     0 | D:1      | Reached XP level 1. HP: 14/14 MP: 1/1
   770 | D:1      | Reached XP level 2. HP: 19/19 MP: 2/2
  1912 | D:2      | Reached XP level 3. HP: 23/23 MP: 3/3
  1984 | D:2      | Found a blossoming altar of Fedhas.
  2007 | D:2      | Reached skill level 1 in Stealth
  2569 | D:3      | Found a shimmering altar of Xom.
  2570 | D:3      | Found Plog's Assorted Antiques.
  2628 | D:3      | Found a faded altar of an unknown god.
  2721 | D:3      | You fall into a shaft and drop 1 floor!
  2731 | D:4      | Reached ** piety under Trog
  2741 | D:4      | Reached XP level 4. HP: 24/29 MP: 4/4
  2786 | D:4      | Reached skill level 5 in Short Blades
  2930 | D:4      | Gained mutation: You have supernaturally acute eyesight.
                  | (SInv) [potion of mutation]
  3134 | D:4      | Reached XP level 5. HP: 33/33 MP: 5/5
  3280 | D:4      | Reached skill level 1 in Polearms
  3356 | D:4      | Reached XP level 6. HP: 38/38 MP: 6/6
  3356 | D:4      | Noticed an ogre
  3359 | D:4      | Mangled by an ogre

Illustrated notes

Levels and vault maps discovered:
D:1:      lemuel_arrival_cross, layout_basic, minmay_shallow_snake_nest
D:2:      layout_basic, basic_altar
D:3:      layout_rooms, overflow_temple_1_default, basic_ecumenical_altar,
          serial_shops, shop, uniq_robin, uniq_ijyb
D:4:      layout_rooms, moated_statue, dilly_guarded_unrand_devastator

Skill      XL: |  1  2  3  4  5 |
---------------+----------------+-----
Stealth        | 2 |  2.5
Armour         | 2 |  2.6
Short Blades   | 5 |  5.2
Polearms       | 1 |  1.4
Dodging        | 3 |  3.1
Fighting       | 4 |  4.0

Action                   |  1- 3 |  4- 6 || total
-------------------------+-------+-------++-------
Melee: Short sword       |   150 |       ||   150
       Trident           |     7 |    58 ||    65
       Punch             |     2 |       ||     2
Invok: Berserk           |     1 |       ||     1
  Use: Scroll            |     2 |     1 ||     3
       Potion            |     1 |     5 ||     6
 Stab: Sleeping          |     7 |     1 ||     8
Armor: Ring mail         |    40 |    20 ||    60
       Plate armour      |       |    14 ||    14
Dodge: Dodged            |   111 |    35 ||   146

Table legend: (Time is in decaauts)
 A = Elapsed time spent in this place.
 B = Non-inter-level travel time spent in this place.
 C = Inter-level travel time spent in this place.
 D = Time resting spent in this place.
 E = Time spent auto-exploring this place.
 F = Levels seen in this place.
 G = Mean time per level.
                   A        B        C        D        E       F      G
               +--------+--------+--------+--------+--------+-----+--------+
         Total |   3332 |   3332 |      0 |    834 |   1586 |   4 |  833.0 |
       Dungeon |   3332 |   3332 |      0 |    834 |   1586 |   4 |  833.0 |
               +--------+--------+--------+--------+--------+-----+--------+

Top non-repeatable levels by time:
     D:1: 1403 daAuts
     D:2: 1127 daAuts
     D:4: 637 daAuts
     D:3: 163 daAuts
